 Dungeon Crawl Stone Soup version 0.29.1-13-g9f3cf754e1 (webtiles) character file.

Game seed: 5932986011956456043

150 octoduck the Stinger (level 5, -2/35 HPs)
             Began as a Merfolk Venom Mage on Feb 10, 2023.
             Shot with an arrow by a centaur (9 damage)
             ... on level 5 of the Dungeon.
             The game lasted 00:08:43 (3732 turns).

octoduck the Stinger (Merfolk Venom Mage)           Turns: 3732, Time: 00:08:43

Health: -2/35      AC:  3    Str:  8    XL:     5   Next: 32%
Magic:  8/8        EV: 12    Int: 17    God:
Gold:   129        SH:  5    Dex: 14    Spells: 5/8 levels left

rFire   . . .      SeeInvis .   f - +0 short sword
rCold   . . .      Faith    .   (no shield)
rNeg    . . .      Spirit   .   a - +0 robe
rPois   .          Reflect  +   d - +0 helmet
rElec   .          Harm     .   (no cloak)
rCorr   .          Rampage  .   (no gloves)
Will    .....                   (no boots)
Stlth   ++........              l - amulet of reflection
HPRegen 0.11/turn               (no ring)
MPRegen 0.11/turn               (no ring)

@: no status effects
A: (nimble swimmer 2), mertail
a: no special abilities


You were on level 5 of the Dungeon.
You visited 1 branch of the dungeon, and saw 4 of its levels.

You collected 129 gold pieces.

Inventory:

Hand Weapons
 f - a +0 short sword (weapon)
 h - a +0 dagger of distortion
Armour
 a - a +0 robe (worn)
 d - a +0 helmet (worn)
Jewellery
 l - an amulet of reflection (around neck)
Scrolls
 i - a scroll of blinking {unknown}
 j - a scroll of enchant weapon {unknown}
Potions
 b - a potion of haste
 c - a potion of ambrosia
 e - a potion of curing
 g - a potion of flight {unknown}
 k - a potion of heal wounds {unknown}


   Skills:
 - Level 2.6 Dodging
 - Level 2.1 Stealth
 - Level 2.0 Spellcasting
 - Level 1.3 Transmutations
 + Level 6.4 Poison Magic


You had 5 spell levels left.
You knew the following spells:

 Your Spells              Type           Power      Damage    Failure   Level
a - Sting                 Tmut/Pois      56%        1d5       4%          1
b - Poisonous Vapours     Pois/Air       24%        N/A       8%          2

Your spell library contained the following spells:

 Spells                   Type           Power      Damage    Failure   Level
 Olgreb's Toxic Radiance  Pois           23%        N/A       14%         4
 Mephitic Cloud           Conj/Pois/Air  9%         N/A       24%         3
 Sublimation of Blood     Necr           1%         N/A       28%         2
 Petrify                  Tmut/Erth      4%         N/A       82%         4
 Irradiate                Conj/Tmut      2%         3d12      99%         5


Dungeon Overview and Level Annotations

Branches:
Dungeon (3/15)

Altars:
Ashenzari


Innate Abilities, Weirdness & Mutations

((You are very nimble when in or above water. (Stealth+, EV+, Speed+++)))
Your lower body shifts to a powerful aquatic tail in water.


Message History

The ufetubus barely misses you.
The ufetubus hits you but does no damage.
You hit the ufetubus.
The ufetubus is heavily wounded.
The ufetubus closely misses you.
The ufetubus hits you but does no damage.
The ufetubus hits you. The ufetubus misses you.
Casting: Sting (safe; 4% risk of failure)
Confirm with . or Enter, or press ? or * to list all spells.
Aiming: Sting (safe; 4% risk of failure)
Press: ? - help, Shift-Dir - straight line, f - ufetubus
Aim: an ufetubus (heavily wounded, 53% to hit)
The sting hits the ufetubus.
The ufetubus is poisoned.
The ufetubus is severely wounded.
The ufetubus hits you. The ufetubus barely misses you.
You completely miss the ufetubus.
The ufetubus is severely wounded.
The ufetubus hits you. x2; The ufetubus misses you.
The ufetubus barely misses you.
You hit the ufetubus.
You kill the ufetubus!
k - a pink potion You see here a +0 scale mail.
Found a stone staircase leading up.
l - an amulet of reflection You start putting on your amulet.
You continue putting on your amulet of reflection. x5
You finish putting on your amulet of reflection.
You feel a shielding aura gather around you.
l - an amulet of reflection (around neck)
You see here 16 gold pieces.
Found a scroll of identify.
Found a sedimented silvery potion.
The centaur shouts!
The centaur wields a +0 shortbow.
The centaur shoots an arrow.
The arrow barely misses you.
The centaur shoots an arrow.
The arrow hits you!
* * * LOW HITPOINT WARNING * * *
The centaur shoots an arrow.
The arrow hits you!
You die...

#...[...c...... ......
#........?..... ......
#......$.......
.....###..............
#....................
##....#..#.#c.........
#.#........#............
........................
.....!.@..#.#.#.........
........................
.......##.#....?.#.....
....... #.#......##...
....#+# #.#......# ....
#.#....... ...
#.#...#### .. ### .#


You could see a centaur.

Vanquished Creatures
  3 gnolls (D:3)
  4 adders
  An ufetubus (D:5)
  A worm (D:3)
  A dart slug (D:2)
  4 bats
  8 endoplasms
  2 giant cockroaches
  7 goblins
  8 hobgoblins
  8 jackals
  5 kobolds
  8 ball pythons
  2 frilled lizards (D:1)
  5 rats
67 creatures vanquished.

Vanquished Creatures (others)
  8 fungi (D:2)
  4 plants
12 creatures vanquished.

Grand Total: 79 creatures vanquished

Notes
Turn   | Place    | Note
-------+----------+-------------------------------------------
     0 | D:1      | octoduck the Merfolk Venom Mage began the quest for the
                  | Orb.
     0 | D:1      | Reached XP level 1. HP: 13/13 MP: 3/3
   355 | D:1      | Reached XP level 2. HP: 19/19 MP: 0/5
   507 | D:1      | Reached skill level 4 in Poison Magic
   920 | D:1      | Learned a level 2 spell: Poisonous Vapours
   946 | D:1      | Reached XP level 3. HP: 24/24 MP: 2/6
  1568 | D:2      | Reached skill level 5 in Poison Magic
  1744 | D:2      | Reached XP level 4. HP: 23/30 MP: 3/7
  2567 | D:2      | Found a faded altar of an unknown god.
  3019 | D:3      | Reached skill level 6 in Poison Magic
  3034 | D:3      | HP: 1/30 [gnoll/+0 whip (4)]
  3039 | D:3      | Reached XP level 5. HP: 2/35 MP: 3/8
  3675 | D:3      | Found a broken altar of Ashenzari.
  3680 | D:3      | Saw a vision of the Shoals and the Spider Nest.
  3680 | D:3      | Noticed a wolf spider
  3680 | D:3      | Noticed a moth of wrath
  3680 | D:3      | Noticed a pharaoh ant
  3680 | D:3      | Noticed a radroach
  3680 | D:3      | Noticed a pharaoh ant
  3680 | D:3      | Noticed an entropy weaver
  3680 | D:3      | Noticed a torpor snail
  3680 | D:3      | Noticed a boulder beetle
  3680 | D:3      | Noticed a steelbarb worm
  3680 | D:3      | Noticed a moth of wrath
  3680 | D:3      | Noticed a merfolk
  3680 | D:3      | Noticed a merfolk impaler
  3680 | D:3      | Noticed a wind drake
  3680 | D:3      | Noticed a water nymph
  3680 | D:3      | Noticed a merfolk siren
  3680 | D:3      | Noticed a wind drake
  3681 | D:3      | Noticed a culicivora
  3681 | D:3      | Noticed a jumping spider
  3682 | D:3      | Noticed a water elemental
  3682 | D:3      | Noticed a torpor snail
  3683 | D:3      | You fall into a shaft and drop 2 floors!
  3683 | D:5      | Entered Level 5 of the Dungeon
  3687 | D:5      | Noticed a centaur
  3732 | D:5      | Shot with an arrow by a centaur

Illustrated notes

Levels and vault maps discovered:
D:1:      minmay_arrival_cross, layout_basic, st_stairs_5,
          nicolae_figureground_sparkle
D:2:      layout_basic, dreamdust_ecumenical_altar_hidden_monk_grotto,
          minmay_shallow_snake_nest, uniq_robin
D:3:      layout_basic, grunt_ashenzari_visionary
          [grunt_ashenzari_visionary_shoals, grunt_ashenzari_visionary_spider],
          grunt_ministairs_15
D:5:      layout_basic, mainiacjoe_overflow_tiny_flanked, serial_bayou,
          serial_bayou_pond_c, serial_bayou_crossing, serial_bayou_shore_b,
          serial_bayou_pond_b

Skill      XL: |  1  2  3  4 |
---------------+-------------+-----
Poison Magic   | 4 5 6 |  6.4
Dodging        | |  2.6
Stealth        | |  2.1
Spellcasting   | |  2.0
Transmutations | |  1.3

Action                   |  1- 3 |  4- 6 || total
-------------------------+-------+-------++-------
Melee: Unarmed           |    18 |       ||    18
       Short sword       |     1 |     9 ||    10
 Cast: Sting             |    66 |    51 ||   117
  Use: Potion            |     1 |       ||     1
       Scroll            |     4 |     2 ||     6
Armor: Robe              |    24 |    17 ||    41
Dodge: Dodged            |    27 |    54 ||    81
